 Dungeon Crawl Stone Soup version 0.31-a0-986-g5e6e4ef867 (webtiles) character file.

Game seed: 11111517818291180215

146 Naiya55 the Trooper (level 5, -4/43 HPs)
             Began as a Formicid Fighter on Nov 4, 2023.
             Was an Initiate of Ru.
             Slain by a gnoll
             ... wielding a +1 heavy halberd
             ... led by a gnoll bouda
              (11 damage)
             ... on level 4 of the Dungeon.
             The game lasted 00:02:32 (2410 turns).

Naiya55 the Trooper (Formicid Fighter)              Turns: 2410, Time: 00:02:33

Health: -4/43      AC:  8    Str: 22    XL:     5   Next: 53%
Magic:  5/5        EV:  9    Int:  8    God:    Ru [......]
Gold:   202        SH:  5    Dex: 13    Spells: 4/4 levels left

rFire   . . .        a - +0 war axe
rCold   . . .        c - +0 buckler
rNeg    . . .        b - +0 scale mail
rPois   .            (helmet unavailable)
rElec   .            (no cloak)
rCorr   .            g - +0 pair of gloves
SInv    +            (no boots)
Will    +....        (no amulet) Stlth
                     h - ring of willpower
HPRegen 0.27/turn    (no ring)
MPRegen 0.09/turn

%: no passive effects
@: mighty, lethally poisoned (-4 -> -9)
A: permanent stasis, dig shafts and tunnels, antennae 3, four strong arms
a: Dig, Shaft Self, Renounce Religion


You were on level 4 of the Dungeon.
You worshipped Ru.
Ru was noncommittal.
You visited 1 branch of the dungeon, and saw 4 of its levels.

You collected 202 gold pieces.

Inventory:

Hand Weapons
 a - a +0 war axe (weapon)
Armour
 b - a +0 scale mail (worn)
 c - a +0 buckler (worn)
 g - a +0 pair of gloves (worn)
Jewellery
 e - a ring of wizardry
 h - a ring of willpower (left hand)
Wands
 m - a wand of flame (19)
Scrolls
 f - a scroll of noise {unknown}
 i - 2 scrolls of brand weapon {unknown}
 j - a scroll of poison {unknown}
 l - 2 scrolls of blinking {unknown}
 n - a scroll of vulnerability {unknown}
 o - 2 scrolls of teleportation {unknown}
 r - a scroll of immolation {unknown}
Potions
 d - 3 potions of might
 k - a potion of heal wounds {unknown}
 p - a potion of attraction {unknown}
 q - a potion of degeneration {unknown}


   Skills:
 + Level 4.5 Fighting
 * Level 4.4 Axes
 - Level 3.2 Armour
 - Level 4.0 Shields


You had 4 spell levels left.
You didn't know any spells.
Your spell library contained the following spells:

 Spells                   Type           Power      Damage    Failure   Level
 Sting                    Tmut/Pois      0%         1d3       80%         1
 Lesser Beckoning         Tloc           0%         N/A       91%         2
 Momentum Strike          Conj/Tloc      0%         3d8       91%         2
 Blink                    Tloc           Unusable   N/A       N/A         2

Dungeon Overview and Level Annotations

Branches:
Dungeon (4/15)
 Temple: D:4-7

Altars:
Fedhas
Hepliaklqana
Ru
Uskayaw
The Shining One

Annotations:
D:3 2 transporters, Rebeltree's ghost, amateur DjCA


Innate Abilities, Weirdness & Mutations

You cannot be hasted, slowed, berserked, paralysed or teleported.
You can dig through walls and to a lower floor.
You have a pair of large antennae on your head. (SInv)
Your four strong arms can wield two-handed weapons with a shield.


Message History

You are too injured to fight recklessly!
You are too injured to fight recklessly!
You are too injured to fight recklessly!
You are too injured to fight recklessly!
You are too injured to fight recklessly!
You are too injured to fight recklessly!
You are too injured to fight recklessly!
You are too injured to fight recklessly!
You are too injured to fight recklessly!
You are too injured to fight recklessly!
You are too injured to fight recklessly!
You are too injured to fight recklessly!
You are too injured to fight recklessly!
You are too injured to fight recklessly!
You are too injured to fight recklessly!
You are too injured to fight recklessly!
You are too injured to fight recklessly!
You are too injured to fight recklessly!
You feel very mighty all of a sudden. The gnoll hits you but does no damage.
The gnoll hits you with a +0 club.
* * * LOW HITPOINT WARNING * * *
The gnoll hits you from afar with a +0 spear.
* * * LOW HITPOINT WARNING * * *
The gnoll bouda hits you but does no damage.
The goblin unwields a +0 sling.
The goblin wields a +2 dagger of venom.
It begins to drip with poison!
The goblin hits you but does no damage.
You are poisoned.
You are too injured to fight recklessly!
You are too injured to fight recklessly!
You are too injured to fight recklessly!
You hit the gnoll.
The gnoll is severely wounded.
You barely miss the gnoll. You slash the gnoll bouda! You slash the goblin!
You kill the goblin!
* * * LOW HITPOINT WARNING * * *
You feel very sick. You block the gnoll's attack. The gnoll closely misses you.
The gnoll barely misses you.
The gnoll hits you from afar with a +1 heavy halberd!
You die...

#'''#.....#....#...# ..
##...##....##...##..####.
##.....##...####.##.......
#...>...#...# #.###.##.#.
#.......##.## #.. .# .##
#..>.>..##.# #### ###...
##.....###.##### ####
##...##.g.....#
#####g.@.....#
.....ggg)....#
.............#
.............#
.....###+##### ..... .....
....


You could see a gnoll bouda and 4 gnolls.

Vanquished Creatures
  Robin (D:2)
  A gnoll (D:4)
  5 adders
  3 worms
  An orc (D:3)
  A bat (D:3)
  7 endoplasms
  2 giant cockroaches
  13 goblins
  7 hobgoblins
  A quokka (D:1)
  11 ball pythons
  6 frilled lizards
  3 kobolds
  5 rats
67 creatures vanquished.

Notes
Turn   | Place    | Note
-------+----------+-------------------------------------------
     0 | D:1      | Naiya55 the Formicid Fighter began the quest for the Orb.
     0 | D:1      | Reached XP level 1. HP: 18/18 MP: 1/1
   200 | D:1      | Reached XP level 2. HP: 16/24 MP: 2/2
   365 | D:1      | Found a faded altar of an unknown god.
   403 | D:1      | Got Plato's Elucidation of Toxins
   863 | D:2      | Reached XP level 3. HP: 22/30 MP: 3/3
  1153 | D:2      | Noticed Robin
  1157 | D:2      | Reached XP level 4. HP: 30/37 MP: 4/4
  1163 | D:2      | Killed Robin
  1778 | D:3      | Found a glowing golden altar of the Shining One.
  1778 | D:3      | Found a hide-covered altar of Uskayaw.
  1786 | D:3      | Found a sacrificial altar of Ru.
  1788 | D:3      | Found a blossoming altar of Fedhas.
  1789 | D:3      | Found a hazy altar of Hepliaklqana.
  1794 | D:3      | Became a worshipper of Ru the Awakened
  1852 | D:3      | Found a transporter.
  1861 | D:3      | Found a transporter.
  1865 | D:3      | Noticed Rebeltree's ghost (amateur DjCA)
  1883 | D:3      | Reached XP level 5. HP: 35/43 MP: 5/5
  2410 | D:4      | Slain by a gnoll

Illustrated notes

Levels and vault maps discovered:
D:1:      dpeg_arrival_arbitrary_c, layout_basic,
          shapermc_ecumenical_altar_rom_forum
D:2:      layout_basic, uniq_robin
D:3:      layout_rooms, chequers_temple_overflow_minitemple,
          gammafunk_ghost_stat_death, kennysheep_big_empty_room
D:4:      layout_basic, kennysheep_windowed_goal

Skill      XL: |  1  2  3  4 |
---------------+-------------+-----
Axes           | 3 4 |  4.4
Fighting       | 4 |  4.5
Armour         | |  3.2
Shields        | |  4.0

Action                     |  1- 3 |  4- 6 || total
---------------------------+-------+-------++-------
  Melee: War axe           |    73 |    96 ||   169
    Use: Potion            |       |     1 ||     1
 Armour: Scale mail        |    59 |    84 ||   143
  Dodge: Dodged            |    35 |    54 ||    89
  Block: Buckler           |    15 |    20 ||    35

Table legend: (Time is in decaauts)
 A = Elapsed time spent in this place.
 B = Non-inter-level travel time spent in this place.
 C = Inter-level travel time spent in this place.
 D = Time resting spent in this place.
 E = Time spent auto-exploring this place.
 F = Levels seen in this place.
 G = Mean time per level.
                   A        B        C        D        E       F      G
               +--------+--------+--------+--------+--------+-----+--------+
         Total |   2469 |   2411 |     58 |      0 |   1923 |   4 |  617.2 |
       Dungeon |   2469 |   2411 |     58 |      0 |   1923 |   4 |  617.2 |
               +--------+--------+--------+--------+--------+-----+--------+

Top non-repeatable levels by time:
     D:1: 876 daAuts
     D:2: 772 daAuts
     D:3: 636 daAuts
     D:4: 184 daAuts
